 Dungeon Crawl Stone Soup version 0.26.0-10-g1f06aea511 (webtiles) character file.

Game seed: 1221836077152781794

51 Dracia the Poker (level 3, 0/27 HPs)
             Began as a Demonspawn Gladiator on Jan 22, 2021.
             Slain by a goblin (3 damage)
             ... led by Robin
             ... on level 1 of the Dungeon.
             The game lasted 00:01:53 (1516 turns).

Dracia the Poker (Demonspawn Gladiator)             Turns: 1516, Time: 00:01:54

Health: 0/27       AC:  4    Str: 15    XL:     3   Next: 57%
Magic:  3/3        EV: 12    Int:  9    God:
Gold:   26         SH:  0    Dex: 14    Spells: 2/2 levels left

rFire    . . .     SeeInvis .   a - +0 trident
rCold    + . .     Faith    .   (no shield)
rNeg     . . .     Spirit   .   b - +0 leather armour
rPois    .         Reflect  .   c - +0 helmet
rElec    .         Harm     .   (no cloak)
rCorr    .         Rampage  .   (no gloves)
Will     +....                  (no boots)
Stlth    +.........             (no amulet)
HPRegen  0.09/turn              k - ring of willpower
MPRegen  0.08/turn              (no ring)

@: no status effects
A: cold resistance 1, miasma immunity
a: no special abilities


You were on level 1 of the Dungeon.
You visited 1 branch of the dungeon, and saw 2 of its levels.

You collected 26 gold pieces.


Innate Abilities, Weirdness & Mutations

Your flesh is cold resistant. (rC+)
You are immune to miasma.


   Skills:
 - Level 2.0 Fighting
 + Level 4.2 Polearms
 - Level 1.7 Throwing
 - Level 2.6 Dodging


You had 2 spell levels left.
You didn't know any spells.
Your spell library was empty.

Inventory:

Hand Weapons
 a - a +0 trident (weapon)
Missiles
 d - 4 throwing nets (quivered) {=f=f}
 g - 8 poisoned darts
Armour
 b - a +0 leather armour (worn)
 c - a +0 helmet (worn)
Jewellery
 k - a ring of willpower (left hand)
Scrolls
 f - 2 scrolls of amnesia {unknown}
Potions
 e - a potion of haste {@q3@q3}
 h - a potion of cancellation {unknown}
 i - 2 potions of attraction
 j - a potion of lignification {unknown}

Dungeon Overview and Level Annotations

Branches:
Dungeon (2/15)

Altars:

Annotations:
D:1 Robin

#.....# ### #.....# #.# #.....#
#.# #### #.....######.#### ...#
#......##.##....#### ...#########
#......##..#.......# ...........#
#......#.....##.##.#
...........###.g.g............#.#
...........'....@l)...........#..
†..........########.#...#......##
#'########## #......##.##..# #.#
######............# #.#
#...##...)........## #.#
#.#.###............. #.#
#.#...........#..... #.#
#....###............ #+##
#########.##.......#.####


You could see Robin, a leopard gecko and a goblin (strong).


Message History

Robin roars a battlecry!
The goblins go into a battle-frenzy!
You barely miss Robin.
Robin is almost dead.
The goblin barely misses you. Robin barely misses you.
The goblin drinks a potion.
The goblin seems to speed up.
Unknown command.
The goblin closely misses you. Robin throws the goblin at you!
The goblin hits you with a +0 dagger.
* * * LOW HITPOINT WARNING * * *
The leopard gecko barely misses you.
You climb upwards.
There is a stone staircase leading down here.
Unknown command.
You hit Robin but do no damage.
Robin is almost dead.
The goblin closely misses you. Robin throws the goblin at you!
* * * LOW HITPOINT WARNING * * *
The leopard gecko bites you but does no damage.
Unknown command.
You closely miss Robin.
Robin is almost dead.
The leopard gecko bites you.
* * * LOW HITPOINT WARNING * * *
The goblin hits you but does no damage. Robin hits you with a +0 club.
* * * LOW HITPOINT WARNING * * *
The leopard gecko bites you.
* * * LOW HITPOINT WARNING * * *
The goblin hits you.
You die...

Skill      XL: |  1  2  3 |
---------------+----------+-----
Polearms       | 3 4 |  4.2
Fighting       | |  2.0
Throwing       | |  1.7
Dodging        | |  2.6

Action                   || total
-------------------------++-------
Melee: Trident           ||   129
Throw: Throwing net      ||     1
  Use: Scroll            ||     2
 Stab: Held in net/web   ||     1
Armor: Leather armour    ||    40
Dodge: Dodged            ||   105

Levels and vault maps discovered:
D:1:      tarquinn_simple_flora_water_b, layout_basic
D:2:      layout_basic, nicolae_tso_carved_into_rock, uniq_sigmund, uniq_robin

Notes
Turn   | Place    | Note
-------+----------+-------------------------------------------
     0 | D:1      | Dracia the Demonspawn Gladiator began the quest for the
                  | Orb.
     0 | D:1      | Reached XP level 1. HP: 16/16 MP: 1/1
    48 | D:1      | Reached skill level 3 in Polearms
   159 | D:1      | Gained mutation: Your flesh is cold resistant. (rC+)
                  | [demonic ancestry]
   159 | D:1      | Reached XP level 2. HP: 22/22 MP: 2/2
   900 | D:1      | Gained mutation: You are immune to miasma. [demonic
                  | ancestry]
   900 | D:1      | Reached XP level 3. HP: 18/27 MP: 3/3
  1177 | D:2      | Reached skill level 4 in Polearms
  1222 | D:2      | Noticed Robin
  1516 | D:1      | Slain by a goblin

Vanquished Creatures
  A dart slug (D:1)
  A leopard gecko (D:1)
  5 bats
  2 giant cockroaches (D:1)
  12 goblins
  3 hobgoblins
  9 jackals
  A kobold (D:1)
  3 frilled lizards (D:1)
  3 rats (D:1)
40 creatures vanquished.

Table legend: (Time is in decaauts)
 A = Elapsed time spent in this place.
 B = Non-inter-level travel time spent in this place.
 C = Inter-level travel time spent in this place.
 D = Time resting spent in this place.
 E = Time spent auto-exploring this place.
 F = Levels seen in this place.
 G = Mean time per level.
                   A        B        C        D        E       F      G
               +--------+--------+--------+--------+--------+-----+--------+
         Total |   1531 |   1489 |     42 |    347 |    893 |   2 |  765.5 |
       Dungeon |   1531 |   1489 |     42 |    347 |    893 |   2 |  765.5 |
               +--------+--------+--------+--------+--------+-----+--------+

Top non-repeatable levels by time:
     D:1: 1418 daAuts
     D:2: 113 daAuts

Table legend:
 A = Non-vault XP
 B = Vault XP
 C = Vault XP percentage of total XP
 D = Non-vault monster count
 E = Vault monster count
 F = Vault count percentage of total count
                 A         B        C        D         E       F
            +---------+---------+-------+---------+---------+-------
      Total |      57 |      16 |  21.9 |      31 |       9 |  22.5
            +---------+---------+-------+---------+---------+-------
        D:1 |      47 |       2 |   4.1 |      26 |       1 |   3.7
        D:2 |      10 |      14 |  58.3 |       5 |       8 |  61.5
            +---------+---------+-------+---------+---------+-------
